 Dungeon Crawl Stone Soup version 0.17-a0-1987-gaf5a542 (webtiles) character file.

35 Geeful the Magician (level 3, -2/28 HPs)
             Began as a Naga Wizard on Oct 6, 2015.
             Killed from afar by Natasha (7 damage)
             ... with a magic dart
             ... on level 2 of the Dungeon.
             The game lasted 00:05:37 (1770 turns).

Geeful the Magician (Naga Wizard)                   Turns: 1770, Time: 00:05:37

Health: -2/28      AC:  4    Str: 14    XL:     3   Next: 33%
Magic:  6/8        EV:  9    Int: 19    God:
Gold:   51         SH:  0    Dex:  9    Spells: 4 memorised, 1 level left

rFire  + . .     SeeInvis +     l - +0 short sword
rCold  + . .     Clarity  .     a - +0 robe
rNeg   . . .     SustAt   .     (no shield)
rPois  +         Gourm    .     b - +0 hat
rElec  +         Spirit   .     f - +0 cloak
rCorr  +         Warding  .     o - +0 pair of gloves
rMut   .         Stasis   .     (no barding)
MR     .....                    (no amulet)
Stlth  ++........               (no ring)
                                (no ring)

@: mighty, resistant, repel missiles, invisible, very slow, not resistant to
hostile enchantments, unstealthy
A: see invisible, deformed body, poison resistance, slowness 2, slow metabolism
1, spit poison 2, AC +1
a: Spit Poison


You were on level 2 of the Dungeon.
You were hungry.

You visited 1 branch of the dungeon, and saw 2 of its levels.

You collected 51 gold pieces.

Inventory:

Hand Weapons
 h - a +0 club
 l - a +0 short sword (weapon)
Missiles
 k - 2 javelins (quivered)
Armour
 a - a +0 robe (worn)
 b - a +0 hat (worn)
 f - a +0 cloak (worn)
 o - a +0 pair of gloves (worn)
Scrolls
 e - 3 scrolls of remove curse {unknown}
 g - 2 scrolls of enchant weapon {unknown}
 j - 6 scrolls of identify {unknown}
 m - a scroll of enchant armour {unknown}
 p - a scroll of teleportation {unknown}
 q - a scroll of blinking {unknown}
Books
 c - a book of Minor Magic

   Spells                             Type                      Level
   a - Magic Dart                     Conjuration                  1
   b - Blink                          Translocation                2
   c - Call Imp                       Summoning                    2
   d - Repel Missiles                 Charms/Air                   2
   e - Slow                           Hexes                        2
   f - Conjure Flame                  Conjuration/Fire             3
   g - Mephitic Cloud                 Conjuration/Poison/Air       3
Comestibles
 d - a bread ration


   Skills:
 - Level 1.5 Dodging
 - Level 3.0 Stealth
 + Level 3.6 Spellcasting
 + Level 2.0 Conjurations
 - Level 1.0 Summonings
   Level 1.0 Translocations
 + Level 0.4 Air Magic


You had one spell level left.
You knew the following spells:

 Your Spells              Type           Power        Failure   Level  Hunger
a - Magic Dart            Conj           ##..         10%         1    None
b - Call Imp              Summ           #.......     17%         2    ##.....
c - Mephitic Cloud        Conj/Pois/Air  #.......     34%         3    ###....
d - Repel Missiles        Chrm/Air       #.....       21%         2    ##.....


Dungeon Overview and Level Annotations

Branches:
Dungeon (2/15)

Altars:

Annotations:
D:2 Natasha


Innate Abilities, Weirdness & Mutations

You cannot wear boots.
Your serpentine skin is tough (AC +1).
You have supernaturally acute eyesight.
Armour fits poorly on your strangely shaped body.
Your system is resistant to poisons.
You cover ground very slowly.
You have a slow metabolism.
You can spit poison.


Message History

Drink which item? (? for menu, Esc to quit)
It was a potion of resistance.
You feel protected.
Your white imp closely misses the crimson imp.
The crimson imp hits you.
* * * LOW HITPOINT WARNING * * *
Natasha casts a spell.
Drink which item? (? for menu, Esc to quit)
It was a potion of might.
You feel very mighty all of a sudden.
Your white imp barely misses the crimson imp.
The crimson imp barely misses you. x2
Drink which item? (? for menu, Esc to quit)
It was a potion of invisibility.
You fade into invisibility!
Your white imp closely misses the crimson imp.
The crimson imp closely misses you. Natasha casts a spell at you.
The magic dart hits you!
You die...

#######################
.....>................
#..(.....#############
#........# #........#
#........# #.....)..#
#...5@...# #...h55..#
#........# #####'####
#.# #.# #†# #.# #.#


You could see Natasha, 2 crimson imps and a friendly white imp.

Vanquished Creatures
  An ooze (D:1)
  A giant gecko (D:1)
  A giant cockroach (D:1)
  4 goblins (D:1)
  3 hobgoblins (D:1)
  6 kobolds (D:1)
  A ball python (D:2)
  6 bats
  2 giant newts (D:1)
  6 rats (D:1)
31 creatures vanquished.

Notes
Turn   | Place    | Note
--------------------------------------------------------------
     0 | D:1      | Geeful the Naga Wizard began the quest for the Orb.
     0 | D:1      | Reached XP level 1. HP: 15/15 MP: 4/4
   269 | D:1      | Reached XP level 2. HP: 16/22 MP: 6/6
   773 | D:1      | Got a tiger eye-encrusted leather armour
   784 | D:1      | Identified the +1 leather armour of the Meadowlark {rF- rC++ rCorr Str+2} (You found it on level 1 of the Dungeon)
  1054 | D:1      | Reached XP level 3. HP: 14/28 MP: 8/8
  1316 | D:1      | Learned a level 2 spell: Call Imp
  1320 | D:1      | Learned a level 3 spell: Mephitic Cloud
  1323 | D:1      | Learned a level 2 spell: Repel Missiles
  1756 | D:2      | Noticed Natasha
  1770 | D:2      | Killed from afar by Natasha

Vault maps used:
D:1:      wheals_arrival_shading, minivault_11, minivault_5
D:2:      first_bread, uniq_natasha

Action                   || total
-------------------------++-------
Melee: Club              ||    17
       Unarmed           ||     1
       Short sword       ||    62
 Cast: Magic Dart        ||    21
       Call Imp          ||     1
       Repel Missiles    ||     1
 Abil: Spit Poison       ||     8
  Use: Potion            ||     3
 Stab: Sleeping          ||     5
       Distracted        ||     1
  Eat: Chunk             ||     1
